cohdb
Replays
Latest Replays
All Replays
Popular Replays
Top Player Replays
Match Explorer
How It Works
Community
CoH3 Stats
Reddit
Sign in to upload your games and track your stats! →
Sign in with Steam
Match 42956986
Unlisted
Match 42956986
Overview
Messages
Build Orders
End
Panzerpioneer Squad
Panzerpioneer Squad
Selects Battlefield Espionage Battlegroup
Kradschützen Motorcycle Team
Panzerpioneer Squad
Construct Light Support Kompanie
MG34 Team
Fire Support Elements
Panzerjäger Squad
Selects Intel Disruption Beacon
Pak 38 Mechanized Group
Combat Half-tracks
2.5-tonne Medical Truck
Flakvierling Half-track
Selects Transfer Depots
Vehicle Survival Package
Construct Panzerarmee Kommand
Pak 38 Mechanized Group
Selects Firestorm
Walking Stuka Rocket Launcher
Walking Stuka Rocket Launcher
Firestorm
Armored Reserves
Emergency Repair Kits
Selects 250/3 Funkpanzerwagen
Selects Anti-Tank Incendiary Munitions
Panzer IV Assault Group
Walking Stuka Rocket Launcher
UH|dun! ツ
UH|ck
iceman
Zlewozmywak
Grzeczyn89
❤KOSMO❤
0
0
Comments
sign in to comment!
No comments posted yet!